 Dungeon Crawl Stone Soup version 0.29-a0-330-g52719c12eb (webtiles) character file.

Game seed: 11906803643669615436

1990 Gwenloh the Stinger (level 9, 0/57 HPs)
             Began as a Demonspawn Venom Mage on May 21, 2022.
             Was an Initiate of Hepliaklqana.
             Slain by an ogre
             ... wielding a +0 giant club
              (24 damage)
             ... on level 6 of the Dungeon on May 22, 2022.
             The game lasted 00:27:04 (8303 turns).

Gwenloh the Stinger (Demonspawn Venom Mage)         Turns: 8303, Time: 00:27:05

Health: 0/57       AC:  6    Str:  9    XL:     9   Next: 1%
Magic:  11/16      EV: 14    Int: 20    God:    Hepliaklqana [......]
Gold:   313        SH:  0    Dex: 14    Spells: 7/17 levels left

rFire   . . .      SeeInvis .   b - +0 whip (elec)
rCold   + . .      Faith    .   (no shield)
rNeg    + . .      Spirit   .   d - +2 robe {rN+}
rPois   .          Reflect  .   (no helmet)
rElec   .          Harm     .   h - +0 cloak
rCorr   .          Rampage  .   (no gloves)
Will    +....                   I - +0 pair of boots
Stlth   ++........              f - amulet of regeneration
HPRegen 0.99/turn               y - ring of willpower
MPRegen 0.15/turn               H - ring of protection from cold

@: no status effects
A: demonic guardian 1, powered by death 1, demonic touch 2
a: Renounce Religion


You were on level 6 of the Dungeon.
You worshipped Hepliaklqana.
Hepliaklqana was noncommittal.
You visited 2 branches of the dungeon, and saw 7 of its levels.
You also visited: Sewer.

You collected 313 gold pieces.

Inventory:

Hand Weapons
 a - a +0 hunting sling
 b - a +0 whip of electrocution (weapon)
 e - a +0 spear
Armour
 d - a +2 robe of positive energy (worn)
 h - a +0 cloak (worn)
 I - a +0 pair of boots (worn)
Jewellery
 f - an amulet of regeneration (around neck)
 k - a ring of fire
 y - a ring of willpower (left hand)
 E - a ring of fire
 H - a ring of protection from cold (right hand)
Wands
 u - a wand of flame (25)
 v - a wand of polymorph (11)
 w - a wand of iceblast (1)
Scrolls
 c - 2 scrolls of blinking
 g - 3 scrolls of amnesia
 i - 2 scrolls of fear
 l - 2 scrolls of brand weapon {unknown}
 m - a scroll of silence
 n - 5 scrolls of summoning
 o - a scroll of magic mapping {unknown}
 q - 2 scrolls of enchant armour {unknown}
 r - 3 scrolls of teleportation {unknown}
 x - a scroll of enchant weapon {unknown}
 z - a scroll of vulnerability {unknown}
 A - 3 scrolls of immolation {unknown}
 D - a scroll of identify
 G - a scroll of fog {unknown}
Potions
 j - 2 potions of haste {unknown}
 p - 3 potions of heal wounds {unknown}
 s - a potion of resistance {unknown}
 t - a potion of brilliance {unknown}
 B - a potion of ambrosia {unknown}
 C - 3 potions of curing
 F - a potion of mutation {unknown}


   Skills:
 + Level 4.7 Dodging
 - Level 2.0 Stealth
 + Level 4.9 Spellcasting
 + Level 4.4 Conjurations
 - Level 1.1 Transmutations
 + Level 4.2 Air Magic
 * Level 7.2 Poison Magic


You had 7 spell levels left.
You knew the following spells:

 Your Spells              Type           Power      Damage    Failure   Level
a - Sting                 Tmut/Pois      84%        1d7       1%          1
b - Poisonous Vapours     Pois/Air       54%        N/A       1%          2
c - Mephitic Cloud        Conj/Pois/Air  26%        N/A       4%          3
d - Olgreb's Toxic Radia  Pois           33%        N/A       6%          4

Your spell library contained the following spells:

 Spells                   Type           Power      Damage    Failure   Level
 Foxfire                  Conj/Fire      52%        2x1d6     4%          1
 Summon Small Mammal      Summ           16%        N/A       12%         1
 Conjure Flame            Conj/Fire      13%        6-21      14%         3
 Scorch                   Fire           8%         2d5       19%         2
 Call Canine Familiar     Summ           4%         N/A       34%         3
 Gell's Gravitas          Tloc           4%         N/A       34%         3
 Inner Flame              Hex/Fire       4%         N/A       34%         3
 Lesser Beckoning         Tloc           4%         N/A       34%         3
 Ozocubu's Armour         Ice            4%         N/A       34%         3
 Portal Projectile        Hex/Tloc       8%         N/A       34%         3
 Summon Guardian Golem    Hex/Summ       4%         N/A       34%         3
 Teleport Other           Tloc           4%         N/A       34%         3
 Flame Wave               Conj/Fire      13%        2d6       43%         4
 Blade Hands              Tmut           4%         N/A       90%         5
 Excruciating Wounds      Necr           2%         N/A       97%         5
 Metabolic Englaciation   Hex/Ice        2%         N/A       97%         5
 Simulacrum               Ice/Necr       2%         N/A       100%        6
 Summon Cactus Giant      Summ           2%         N/A       100%        6


Dungeon Overview and Level Annotations

Branches:
Dungeon (6/15)             Temple (1/1) D:6           Sewer (visited)

Altars:
Ashenzari
Cheibriados
Dithmenos
Elyvilon
Fedhas
Gozag
Hepliaklqana
Makhleb
Nemelex Xobeh
Okawaru
Qazlal
Sif Muna
Uskayaw
Vehumet
Wu Jian
Xom
Yredelemnul
Zin
The Shining One

Shops:
D:6 *

Annotations:
D:6 3 runed translucent doors, MirrMurr's ghost, novice OgBe


Innate Abilities, Weirdness & Mutations

A weak demonic guardian rushes to your aid.
You regenerate a little health from kills.
Your touch may inflict irresistible damage on your foes.


Message History

An ogre comes into view. It is wielding a +0 giant club.
Casting: Sting (safe; 1% risk of failure)
Confirm with . or Enter, or press ? or * to list all spells.
Aiming: Poisonous Vapours (safe; 1% risk of failure)
Press: ? - help, Dir - move target, f - ogre
Aim: an ogre, wielding a +0 giant club (asleep) Poisonous vapours surround the ogre!
The ogre is poisoned.
The ogre shouts!
Casting: Poisonous Vapours (safe; 1% risk of failure)
Confirm with . or Enter, or press ? or * to list all spells.
Aiming: Poisonous Vapours (safe; 1% risk of failure)
Press: ? - help, Dir - move target, f/p - ogre
Aim: an ogre, wielding a +0 giant club (very poisoned) Poisonous vapours surround the ogre!
The ogre looks as sick as possible!
Casting: Poisonous Vapours (safe; 1% risk of failure)
Confirm with . or Enter, or press ? or * to list all spells.
You can't see any susceptible monsters within range! (Use Z to cast anyway.)
Casting: Poisonous Vapours (safe; 1% risk of failure)
Confirm with . or Enter, or press ? or * to list all spells.
Aiming: Sting (safe; 1% risk of failure)
Press: ? - help, Shift-Dir - straight line, f/p - ogre
Aim: an ogre, wielding a +0 giant club (lightly wounded, extremely poisoned, 89% to hit)
The sting hits the ogre.
The ogre looks as sick as possible!
The ogre is moderately wounded.
Casting: Sting (safe; 1% risk of failure)
Confirm with . or Enter, or press ? or * to list all spells.
Aiming: Sting (safe; 1% risk of failure)
Press: ? - help, Shift-Dir - straight line, f/p - ogre
Aim: an ogre, wielding a +0 giant club (moderately wounded, extremely poisoned, 89% to hit)
The sting hits the ogre.
The ogre looks as sick as possible!
The ogre is heavily wounded.
You hit the ogre.
The ogre is heavily wounded.
The ogre hits you with a +0 giant club!!
Ouch! That really hurt!
A demonic guardian appears!
You hit the ogre.
The ogre is severely wounded.
The ogre hits you with a +0 giant club!!
You die...

###
#.###################
#...........5@O......
#.###################
#.# #.# #.# #.# #.#
#.# #.#


You could see an ogre (extremely poisoned, ally target) and a friendly iron imp
(summoned).

Vanquished Creatures
  Sigmund (D:4)
  Pargi (Sewer)
  A sky beast (D:6)
  2 ice beasts (D:5)
  A black bear (D:5)
  3 ogres
  A centaur (D:5)
  A necrophage (D:5)
  5 scorpions
  A jelly (D:5)
  2 hounds
  Ijyb (D:4)
  Jessica (D:3)
  9 iguanas
  Natasha (thrice) (D:4)
  2 orc wizards (D:5)
  9 adders
  A river rat (D:3)
  2 worms
  8 orcs
  10 ball pythons
  3 bats
  3 endoplasms
  2 giant cockroaches
  11 goblins
  14 hobgoblins
  2 jackals (D:1)
  5 kobolds
  4 quokkas
  6 frilled lizards
  9 rats
124 creatures vanquished.

Notes
Turn   | Place    | Note
-------+----------+-------------------------------------------
     0 | D:1      | Gwenloh the Demonspawn Venom Mage began the quest for the
                  | Orb.
     0 | D:1      | Reached XP level 1. HP: 13/13 MP: 3/3
   124 | D:1      | Reached skill level 1 in Transmutations
   655 | D:1      | Gained mutation: Your touch may inflict minor irresistible
                  | damage on your foes. [demonic ancestry]
   655 | D:1      | Reached XP level 2. HP: 19/19 MP: 3/5
   772 | D:1      | Learned a level 2 spell: Poisonous Vapours
  1917 | D:2      | Reached XP level 3. HP: 24/24 MP: 2/6
  1921 | D:2      | Learned a level 3 spell: Mephitic Cloud
  1959 | D:2      | Noticed a great orb of eyes
  1962 | D:2      | Found a faded altar of an unknown god.
  2198 | D:2      | Noticed a floating eye
  2300 | D:2      | Noticed a great orb of eyes
  2304 | D:2      | Noticed a great orb of eyes
  2723 | D:2      | Reached skill level 1 in Air Magic
  2727 | D:2      | HP: 1/24 [poisoned by an adder]
  3340 | D:3      | Noticed Jessica
  3343 | D:3      | Gained mutation: You regenerate a little health from kills.
                  | [demonic ancestry]
  3343 | D:3      | Reached XP level 4. HP: 30/30 MP: 2/7
  3556 | D:3      | Found a glowing drain.
  3567 | Sewer    | Entered a sewer
  3712 | Sewer    | Noticed Pargi
  3729 | Sewer    | Killed Pargi
  3730 | Sewer    | Reached skill level 1 in Conjurations
  3730 | Sewer    | Reached XP level 5. HP: 16/35 MP: 2/9
  3919 | D:3      | Killed Jessica
  4106 | D:3      | Found a sparkling altar of Nemelex Xobeh.
  4324 | D:3      | Learned a level 4 spell: Olgreb's Toxic Radiance
  4357 | D:3      | Reached skill level 4 in Poison Magic
  4433 | D:3      | Found a large runed translucent door.
  4434 | D:3      | Found a large runed translucent door.
  4633 | D:4      | Noticed Sigmund
  4767 | D:4      | Noticed Natasha
  4775 | D:4      | Killed Natasha
  4911 | D:3      | Reached XP level 6. HP: 36/41 MP: 2/10
  5068 | D:4      | Killed Sigmund
  5161 | D:4      | Noticed Natasha
  5168 | D:4      | Killed Natasha
  5169 | D:4      | Gained mutation: Your touch may inflict irresistible damage
                  | on your foes. [demonic ancestry]
  5169 | D:4      | Reached XP level 7. HP: 46/46 MP: 7/12
  5228 | D:4      | Noticed Natasha
  5237 | D:4      | Killed Natasha
  5372 | D:4      | Noticed Ijyb
  5390 | D:4      | Killed Ijyb
  5391 | D:4      | Reached skill level 5 in Poison Magic
  5689 | D:4      | Found a radiant altar of Vehumet.
  6085 | D:5      | Entered Level 5 of the Dungeon
  6439 | D:5      | Reached XP level 8. HP: 52/52 MP: 14/14
  6449 | D:5      | Reached skill level 6 in Poison Magic
  7579 | D:6      | Found an iron altar of Okawaru.
  7700 | D:6      | Found Ytont's Fire Supplies.
  7802 | D:6      | Found a staircase to the Ecumenical Temple.
  7846 | Temple   | Entered the Ecumenical Temple
  7890 | Temple   | Became a worshipper of Hepliaklqana the Forgotten
  7914 | D:6      | Reached skill level 7 in Poison Magic
  8000 | D:6      | Gained mutation: A weak demonic guardian rushes to your
                  | aid. [demonic ancestry]
  8000 | D:6      | Reached XP level 9. HP: 57/57 MP: 9/16
  8082 | D:6      | Found a runed translucent gate.
  8082 | D:6      | Found a runed translucent gate.
  8082 | D:6      | Found a runed translucent gate.
  8084 | D:6      | Noticed MirrMurr's ghost (novice OgBe)
  8303 | D:6      | Slain by an ogre

Illustrated notes

Levels and vault maps discovered:
D:1:      amcnicky_arrival_flooded_fountain, layout_loops_corners,
          serial_co_window_serial, co_window_paths_a, co_window_cross_1,
          co_window_paths_a, co_window_of_opportunity_a, co_window_paths_a,
          co_window_of_opportunity_a, co_window_paths_a, co_window_paths_a,
          co_window_paths_a, co_window_broadway_b, co_window_unsneaky_path_c,
          co_window_corner_ca, co_window_broadway_a, co_window_4corner_b,
          co_window_paths_d, glass_columns_c, glass_columns_b, glass_columns_c,
          glass_columns_b
D:2:      layout_basic, hellmonk_ecumenical_altar_watching_god
D:3:      layout_rooms, mainiacjoe_overflow_24_doors, jmf_multi_god_temple2,
          portal_sewer_entry_b, uniq_jessica
D:4:      layout_cave_pools, vehumet_altar_wand_db, kennysheep_generic_room_5,
          uniq_sigmund, uniq_natasha, uniq_ijyb
D:5:      layout_cave_pools, minmay_fractal_squares_5
D:6:      layout_basic, nicolae_overflow_hidden_temple,
          minmay_temple_entry_ruins, gammafunk_ghost_split,
          minmay_tree_intersection, nicolae_shop_fire_sale
          [nicolae_sub_dead_trees]
Temple:   eino_temple_lava

Skill      XL: |  1  2  3  4  5  6  7  8 |
---------------+-------------------------+-----
Transmutations | 1 |  1.1
Stealth        | 2 |  2.0
Dodging        | 2 3 4 |  4.7
Air Magic      | 1 2 3 4 |  4.2
Spellcasting   | 3 4 |  4.9
Conjurations   | 1 2 3 4 |  4.4
Poison Magic   | 4 5 7 |  7.2

Action                   |  1- 3 |  4- 6 |  7- 9 || total
-------------------------+-------+-------+-------++-------
Melee: Whip              |    38 |    46 |    69 ||   153
       Touch             |     3 |     3 |    11 ||    17
       Punch             |       |     1 |     1 ||     2
 Fire: Hunting sling     |    22 |       |       ||    22
 Cast: Sting             |    34 |    21 |    25 ||    80
       Poisonous Vapours |    26 |    43 |    72 ||   141
       Olgreb's Toxic Ra |       |       |     7 ||     7
       Mephitic Cloud    |       |       |     3 ||     3
Evoke: Wand              |       |       |    18 ||    18
  Use: Scroll            |     6 |     1 |     1 ||     8
       Potion            |     5 |     1 |       ||     6
 Stab: Confused          |       |       |     1 ||     1
Armor: Robe              |     8 |    19 |    12 ||    39
       Skin              |     5 |       |       ||     5
Dodge: Dodged            |    38 |    33 |    44 ||   115

Table legend: (Time is in decaauts)
 A = Elapsed time spent in this place.
 B = Non-inter-level travel time spent in this place.
 C = Inter-level travel time spent in this place.
 D = Time resting spent in this place.
 E = Time spent auto-exploring this place.
 F = Levels seen in this place.
 G = Mean time per level.
                   A        B        C        D        E       F      G
               +--------+--------+--------+--------+--------+-----+--------+
         Total |   8362 |   8108 |    254 |   1325 |   5577 |   8 | 1045.2 |
       Dungeon |   7941 |   7694 |    247 |   1287 |   5269 |   6 | 1323.5 |
        Temple |     52 |     45 |      7 |      0 |     18 |   1 |   52.0 |
         Sewer |    368 |    368 |      0 |     38 |    290 |   1 |  368.0 |
               +--------+--------+--------+--------+--------+-----+--------+

Top non-repeatable levels by time:
     D:1: 1681 daAuts
     D:2: 1624 daAuts
     D:4: 1543 daAuts
     D:3: 1268 daAuts
     D:5: 1077 daAuts
     D:6: 745 daAuts
   Sewer: 368 daAuts
  Temple: 52 daAuts
